 Dungeon Crawl Stone Soup version 0.27-a0-604-g29a88b33a7 (webtiles) character file.

Game seed: 3006023144110840646

1630 PentaManta the Grappler (level 8, -3/75 HPs)
             Began as a Troll Abyssal Knight on Mar 12, 2021.
             Was an Elder of Lugonu.
             Slain by a bullfrog (7 damage)
             ... on level 5 of the Dungeon.
             The game lasted 00:10:47 (4234 turns).

PentaManta the Grappler (Troll Abyssal Knight)      Turns: 4234, Time: 00:10:47

Health: -3/75      AC:  4    Str: 29    XL:     8   Next: 65%
Magic:  8/9        EV:  8    Int:  8    God:    Lugonu [****..]
Gold:   393        SH:  9    Dex:  9    Spells: 7/7 levels left

rFire    . . .     SeeInvis .     - Unarmed
rCold    . . .     Faith    .   s - +0 kite shield
rNeg     . . .     Spirit   .   a - +0 robe
rPois    +         Reflect  .   (helmet restricted)
rElec    .         Harm     .   (no cloak)
rCorr    .         Rampage  .   (gloves unavailable)
Will     .....                  (boots unavailable)
Stlth    +.........             (no amulet)
HPRegen  1.22/turn              b - ring of poison resistance
MPRegen  0.11/turn              v - +6 ring of strength

@: no status effects
A: large, unfitting armour, claws 3, regeneration 1, shaggy fur 1, tough skin 1
a: Renounce Religion, Depart the Abyss, Bend Space, Banish, Corrupt


You were on level 5 of the Dungeon.
You worshipped Lugonu.
Lugonu was greatly pleased with you.
You visited 1 branch of the dungeon, and saw 7 of its levels.
You visited the Abyss 1 time.

You collected 393 gold pieces.

Inventory:

Hand Weapons
 p - the +5 whip of Regicide {chaos, rF++ MP-9}
   (You took it off a kobold brigand on level 3 of the Dungeon)

   Each time it hits an enemy it has a different, random effect.
   It greatly protects you from fire.
   It affects your magic capacity (-9).
 q - a +3 rapier of distortion
 y - a +0 dagger of venom
Missiles
 m - 8 curare-tipped darts (quivered)
 r - 87 poisoned darts
 x - 2 throwing nets
Armour
 a - a +0 robe (worn)
 s - a +0 kite shield (worn)
Jewellery
 b - a ring of poison resistance (right claw)
 i - a ring of flight
 v - a +6 ring of strength (left claw)
Wands
 o - a wand of charming (10)
 B - a wand of flame (16)
Scrolls
 c - 4 scrolls of teleportation
 d - 3 scrolls of fear {unknown}
 h - 2 scrolls of random uselessness {unknown}
 k - a scroll of fog
 n - 3 scrolls of identify
 t - a scroll of noise {unknown}
Potions
 e - 2 potions of curing
 f - 2 potions of haste
 g - a potion of berserk rage {unknown}
 j - 2 potions of lignification {unknown}
 l - 2 potions of mutation {unknown}
 u - a potion of degeneration {unknown}
 w - a potion of attraction {unknown}
 z - a potion of resistance {unknown}
 A - a potion of invisibility
 C - a potion of flight {unknown}


   Skills:
 - Level 3.5 Fighting
 + Level 4.0 Dodging
 * Level 3.0 Shields
 - Level 8.3 Unarmed Combat
 + Level 3.4 Invocations


You had 7 spell levels left.
You didn't know any spells.
Your spell library contained the following spells:

 Spells                   Type           Power      Damage    Failure   Level
 Beastly Appendage        Tmut           0%         N/A       83%         1
 Wereblood                Tmut           0%         N/A       93%         2
 Spider Form              Tmut/Pois      0%         N/A       99%         3
 Ice Form                 Ice/Tmut       0%         N/A       100%        4
 Blade Hands              Tmut           0%         N/A       100%        5


Dungeon Overview and Level Annotations

Branches:
Dungeon (7/15)
 Temple: D:4-7

Altars:
Dithmenos
Fedhas
Gozag
Makhleb
Ru
Trog
Uskayaw
Wu Jian
Zin

Shops:
D:5 *


Innate Abilities, Weirdness & Mutations

You are too large for most types of armour.
You have claws for hands.
Your natural rate of healing is unusually fast.
You are covered in fur. (AC +1)
You have tough skin. (AC +1)


Message History

Found 27 bolts.
There is a stone staircase leading up here.
You claw the bullfrog!
The bullfrog is almost dead.
The bullfrog hits you. The bullfrog hits you!
* * * LOW HITPOINT WARNING * * *
Unknown command.
The bullfrog hits you.
* * * LOW HITPOINT WARNING * * *
The bullfrog closely misses you.
You climb upwards.
The gnoll hits you with a +0 flail!
* * * LOW HITPOINT WARNING * * *
There is a stone staircase leading down here.
Unknown command.
Space bends around you!
You blink.
You block the bullfrog's attack. Space bends around you!
You blink.
The gnoll hits you with a +0 club!
* * * LOW HITPOINT WARNING * * *
The gnoll hits you from afar with a +0 spear.
* * * LOW HITPOINT WARNING * * *
You block the bullfrog's attack. You block the bullfrog's attack.
Things that are here:
a +0 robe; a +0 dagger You block the bullfrog's attack.
The bullfrog barely misses you. The bullfrog hits you.
* * * LOW HITPOINT WARNING * * *
You block the bullfrog's attack.
There is an escape hatch in the ceiling here.
The bullfrog hits you.
* * * LOW HITPOINT WARNING * * *
The gnoll hits you with a +0 club.
* * * LOW HITPOINT WARNING * * *
The gnoll barely misses you. A mysterious force pulls you upwards.
The hatch slams shut behind you. Space bends around you!
You blink.
The bullfrog hits you!
* * * LOW HITPOINT WARNING * * *
The bullfrog hits you!
You die...

.....# ###......(..#
#...... ....######
####.....## ##.....
#..###≈≈≈### ##.#####
##....
..≈≈≈≈≈≈≈≈≈######..#
##...
####≈≈≈≈≈≈≈≈......##
###.
...###≈≈≈####....##
## .)...#####....##<#
# ###....)))....##.#
≈≈###.....###.##@#
.## ########....F##
.# ##.............##
## #...........g...#
# ##...............##
###.................#
.#.....>...........##
...................#
#.................##


You could see a bullfrog and a gnoll.

Vanquished Creatures
  Grinder (D:4)
  Sigmund (D:3)
  An ice beast (D:6)
  The ghost of paps the Caller, an amateur DsSu (D:2)
  3 kobold brigands
  Blork the orc (D:5)
  A scorpion (D:4)
  2 howler monkeys (D:4)
  A centaur zombie (D:6)
  3 hounds
  2 orc priests (D:3)
  An iguana (D:5)
  A bullfrog skeleton (D:6)
  4 orc wizards
  4 worker ants
  A worker ant zombie (D:5)
  7 gnolls
  3 adders
  A shadow imp (D:5)
  3 white imps
  An ooze (D:6)
  An adder zombie (D:5)
  5 worms
  A dart slug (D:1)
  7 leopard geckos
  19 orcs
  3 giant cockroaches
  2 goblins (D:1)
  10 hobgoblins
  8 jackals
  3 quokkas
  A ball python (D:1)
  7 bats
  2 frilled lizards
  16 kobolds
  4 rats
132 creatures vanquished.

Notes
Turn   | Place    | Note
-------+----------+-------------------------------------------
     0 | Abyss:1  | PentaManta the Troll Abyssal Knight began the quest for the
                  | Orb.
     0 | Abyss:1  | Reached XP level 1. HP: 22/22 MP: 1/1
    14 | Abyss:1  | Found a shimmering blue altar of Sif Muna.
    76 | Abyss:1  | Noticed a tentacled starspawn
    79 | Abyss:1  | Noticed a rakshasa
    86 | Abyss:2  | Found a corrupted altar of Lugonu.
   100 | Abyss:2  | Noticed a starcursed mass
   114 | D:1      | Escaped the Abyss
   201 | D:1      | Reached XP level 2. HP: 18/29 MP: 2/2
   202 | D:1      | Reached skill level 3 in Unarmed Combat
   207 | D:1      | Reached * piety under Lugonu
   543 | D:2      | Reached XP level 3. HP: 34/36 MP: 3/3
   567 | D:2      | Found an ornate altar of the Wu Jian Council.
   751 | D:2      | Found a shadowy altar of Dithmenos.
   829 | D:2      | Reached skill level 4 in Unarmed Combat
  1012 | D:2      | Found a bloodstained altar of Trog.
  1145 | D:2      | Found a burning altar of Makhleb.
  1156 | D:2      | Reached XP level 4. HP: 24/44 MP: 4/4
  1271 | D:3      | Found a sacrificial altar of Ru.
  1345 | D:3      | Reached skill level 5 in Unarmed Combat
  1349 | D:3      | Reached XP level 5. HP: 37/50 MP: 5/5
  1511 | D:3      | Noticed Sigmund
  1521 | D:3      | Killed Sigmund
  1521 | D:3      | Reached ** piety under Lugonu
  1522 | D:3      | Reached skill level 6 in Unarmed Combat
  1522 | D:3      | Reached XP level 6. HP: 46/59 MP: 6/6
  1736 | D:3      | Reached skill level 7 in Unarmed Combat
  1771 | D:3      | Found a runed translucent gate.
  1771 | D:3      | Found a runed translucent gate.
  1771 | D:3      | Found a runed translucent gate.
  1771 | D:3      | Noticed paps's ghost (amateur DsSu)
  1771 | D:3      | Identified the +5 whip of Regicide {chaos, rF++ MP-9}
  1916 | D:3      | Found a blossoming altar of Fedhas.
  2153 | D:2      | Killed paps's ghost
  2154 | D:2      | Reached XP level 7. HP: 54/66 MP: 7/7
  2270 | D:4      | Reached skill level 8 in Unarmed Combat
  2359 | D:4      | Noticed Grinder
  2366 | D:4      | Killed Grinder
  2580 | D:4      | Reached *** piety under Lugonu
  2581 | D:4      | Reached XP level 8. HP: 69/75 MP: 8/8
  2779 | D:4      | Found a hide-covered altar of Uskayaw.
  2973 | D:4      | Found an opulent altar of Gozag.
  2975 | D:4      | Found a glowing silver altar of Zin.
  3147 | D:5      | Entered Level 5 of the Dungeon
  3244 | D:5      | Noticed Blork the orc
  3256 | D:5      | Killed Blork the orc
  3433 | D:5      | Reached skill level 1 in Shields
  3859 | D:5      | Found Nanimo's Needful Niceties.
  4128 | D:6      | Reached **** piety under Lugonu
  4233 | D:5      | HP: 3/75 [bullfrog (7)]
  4234 | D:5      | Slain by a bullfrog

Illustrated notes

Levels and vault maps discovered:
D:1:      psy_arrival_spokes, layout_rooms, minmay_misc_feat_rugged,
          minmay_misc_feat_chi, serial_park_tiny_2
D:2:      layout_loops_ring, marbit_many_paths, makhleb_blood_cavern_becter,
          lemuel_doored_altar, nzn_wu_jian_council_hall, minivault_24
D:3:      layout_rooms, fedhas_altar_fruit_tree,
          nicolae_ru_sacrificial_ziggurat, gammafunk_ghost_nasty_kobolds,
          uniq_sigmund
D:4:      layout_loops_ring, grunt_temple_overflow_gold_and_silver,
          nicolae_uskayaw_murder_on_the_dancefloor, uniq_grinder
D:5:      cheibrodos_thug_alley, layout_cave_pods, nicolae_alphabet_shops,
          uniq_blork_the_orc
D:6:      layout_cave_pools, kennysheep_mini, temple_green,
          minmay_manual_macuahuitl
D:7:      layout_loops_corners, nicolae_tso_carved_into_rock

Skill      XL: |  1  2  3  4  5  6  7  8 |
---------------+-------------------------+-----
Unarmed Combat | 3 4 5 6 7 8 |  8.3
Dodging        | 3 4 |  4.0
Fighting       | 3 |  3.5
Invocations    | 2 3 |  3.4
Shields        | 3 |  3.0

Action                   |  1- 3 |  4- 6 |  7- 9 || total
-------------------------+-------+-------+-------++-------
Melee: Unarmed           |    89 |   132 |   200 ||   421
       Punch             |     2 |     3 |     3 ||     8
Invok: Depart the Abyss  |     1 |       |       ||     1
       Bend Space        |       |       |     5 ||     5
  Use: Scroll            |     3 |       |     5 ||     8
       Potion            |     1 |       |       ||     1
Armor: Robe              |    38 |    46 |    49 ||   133
Dodge: Dodged            |    50 |    61 |    83 ||   194
Block: Kite shield       |       |       |    81 ||    81

Table legend: (Time is in decaauts)
 A = Elapsed time spent in this place.
 B = Non-inter-level travel time spent in this place.
 C = Inter-level travel time spent in this place.
 D = Time resting spent in this place.
 E = Time spent auto-exploring this place.
 F = Levels seen in this place.
 G = Mean time per level.
                   A        B        C        D        E       F      G
               +--------+--------+--------+--------+--------+-----+--------+
         Total |   4222 |   3989 |    233 |     78 |   2874 |   9 |  469.1 |
       Dungeon |   4109 |   3876 |    233 |     78 |   2807 |   7 |  587.0 |
         Abyss |    113 |    113 |      0 |      0 |     67 |   2 |   56.5 |
               +--------+--------+--------+--------+--------+-----+--------+

Top non-repeatable levels by time:
     D:5: 937 daAuts
     D:3: 929 daAuts
     D:4: 874 daAuts
     D:2: 780 daAuts
     D:1: 417 daAuts
     D:6: 166 daAuts
 Abyss:1: 85 daAuts
 Abyss:2: 27 daAuts
     D:7: 2 daAuts
